AoeStats
← 澄海老潘

Arabia

510089493Analyzed
1v1 RM · 3d ago on Sep 29, 2026· 24m 0s· 2 players
Game mode
Random Map
Map size
Tiny (2 player)
Population
200
Speed
Normal
Resources
Standard
Victory
Conquest
Starting age
Dark Age
Ending age
Imperial Age
RankedLock teamsTeams togetherTeam positionsShared explorationLock speedFull tech treeHidden civsTurbo modeCheats
Victory
Defeat
🇨🇳 Mongols · China
1255
+38
🇻🇳 Magyars · Vietnam
1256
-16
澄海老潘
7:43 Feudal Age
8:02 Loom
8:52 Double-Bit Axe
10:08 Horse Collar
18:03 Wheelbarrow
17:37 Scale Barding Armor
22:00 Castle Age
20:52 Forging
22:07 Bloodlines
23:08 Husbandry
Vn-Huy.nguyen
4:44 Loom
9:23 Feudal Age
21:36 Castle Age
21:04 Gold Mining
21:32 Scale Barding Armor
22:03 Bloodlines
Connection lost

Rejoining the realm…

Still unreachable

The connection could not be restored.

Session expired

The server has moved on; the page needs a fresh start.